 Dungeon Crawl Stone Soup version 0.21.1-74-g47da925 (webtiles) character file.

208 wojtek the Chopper (level 5, -2/46 HPs)
             Began as a Minotaur Fighter on Aug 10, 2018.
             Slain by Sigmund
             ... wielding a cursed -1 scythe
              (4 damage)
             ... on level 4 of the Dungeon.
             The game lasted 00:03:19 (3217 turns).

wojtek the Chopper (Minotaur Fighter)               Turns: 3217, Time: 00:03:19

Health: -2/46      AC:  9    Str: 21    XL:     5   Next: 55%
Magic:  4/4        EV:  6    Int:  5    God:
Gold:   227        SH:  0    Dex: 10    Spells: 4/4 levels left

rFire    . . .     SeeInvis .   a - +0 war axe
rCold    . . .     Gourm    .   c - +0 shield
rNeg     . . .     Faith    .   k - +0 chain mail
rPois    .         Spirit   .   (helmet restricted)
rElec    .         Reflect  .   (no cloak)
rCorr    .         Harm     .   (no gloves)
MR       .....                  (no boots)
Stlth    ..........             (no amulet)
HPRegen  0.15/turn              (no ring)
MPRegen  0.09/turn              (no ring)

@: confused
A: retaliatory headbutt, horns 2
a: no special abilities


You were on level 4 of the Dungeon.
You were not hungry.

You visited 1 branch of the dungeon, and saw 4 of its levels.

You collected 227 gold pieces.

Inventory:

Hand Weapons
 a - a +0 war axe (weapon)
Armour
 c - a +0 shield (worn)
 k - a +0 chain mail (worn)
Jewellery
 h - a +6 ring of evasion {unknown}
 m - a +3 ring of evasion {unknown}
 n - a +6 ring of evasion {unknown}
Scrolls
 e - 4 scrolls of identify {unknown}
 g - 3 scrolls of amnesia {unknown}
 i - a scroll of fear {unknown}
 p - 3 scrolls of remove curse {unknown}
 r - a scroll of magic mapping {unknown}
 s - 2 scrolls of teleportation {unknown}
 u - a scroll of random uselessness {unknown}
Potions
 d - a potion of might
 j - a potion of ambrosia {unknown}
 l - a potion of invisibility {unknown}
 o - a potion of curing {unknown}
 q - a potion of flight {unknown}
 t - a potion of lignification {unknown}
Comestibles
 b - 3 chunks of flesh
 f - 11 rations


   Skills:
 + Level 3.9 Fighting
 + Level 6.2 Axes
 + Level 4.0 Armour
 + Level 1.2 Dodging
 + Level 4.0 Shields


You had 4 spell levels left.
You didn't know any spells.

Dungeon Overview and Level Annotations

Branches:
Dungeon (4/15)
 Temple: D:4-7

Altars:
Nemelex Xobeh
Uskayaw
Yredelemnul
The Shining One

Annotations:
D:4 Sigmund


Innate Abilities, Weirdness & Mutations

You reflexively headbutt those who attack you in melee.
You have a pair of horns on your head.


Message History

Deactivating autopickup; reactivate with Ctrl-A.
You closely miss something. Something hits you!
You hit something but do no damage. Your headbutt misses something.
You hear some strange, mumbled words.
A magic dart appears from out of thin air!
The magic dart hits you!
You miss something.
You hear some strange, mumbled words.
You are confused.
You bump into the rock wall.
Something hits you but does no damage.
You miss something. You headbutt something! Something hits you!
* * * LOW HITPOINT WARNING * * *
You're too confused to move!
Something completely misses you.
Unknown command.
You miss something.
You bump into the rock wall.
Something hits you.
* * * LOW HITPOINT WARNING * * *
Unknown command.
You miss something. Something hits you.
You die...

... #....##....#..
...####+####.#.#.#.
...........#.#.#.#
..........#.#.#.#
##.......#.#.#.#
##......#.#.#.#)#
#........#.#.#.#.
+.....{.#.#.#.#.#
##..>.#@.#.#.#.#.
#....###.#.#.#.
........ #.#.#.
.##...... #.#. .
#...... #.#
+....... #.. #....
... ..


There were no monsters in sight!

Vanquished Creatures
  Blork the orc (D:4)
  Jessica (D:3)
  4 gnolls
  2 adders (D:3)
  An ooze (D:3)
  A worm (D:2)
  A dart slug (D:3)
  2 leopard geckos (D:2)
  An orc (D:4)
  2 giant cockroaches
  6 goblins
  8 hobgoblins
  4 jackals (D:4)
  A quokka (D:4)
  4 bats
  A frilled lizard (D:2)
  4 kobolds
  6 rats
50 creatures vanquished.

Notes
Turn   | Place    | Note
-------+----------+-------------------------------------------
     0 | D:1      | wojtek the Minotaur Fighter began the quest for the Orb.
     0 | D:1      | Reached XP level 1. HP: 19/19 MP: 0/0
    79 | D:1      | Reached skill level 3 in Axes
    79 | D:1      | Reached XP level 2. HP: 19/26 MP: 1/1
   992 | D:2      | Reached skill level 4 in Axes
  1107 | D:2      | Reached XP level 3. HP: 30/31 MP: 2/2
  1523 | D:3      | Noticed Jessica
  1536 | D:3      | Killed Jessica
  1536 | D:3      | Reached skill level 5 in Axes
  1536 | D:3      | Reached XP level 4. HP: 34/39 MP: 3/3
  1639 | D:3      | Found a hide-covered altar of Uskayaw.
  1706 | D:3      | Found a basalt altar of Yredelemnul.
  1909 | D:3      | Found a glowing golden altar of the Shining One.
  2243 | D:2      | Reached skill level 6 in Axes
  3005 | D:4      | Found a sparkling altar of Nemelex Xobeh.
  3053 | D:4      | Noticed Blork the orc
  3062 | D:4      | Reached XP level 5. HP: 33/46 MP: 4/4
  3070 | D:4      | Killed Blork the orc
  3070 | D:4      | Reached skill level 1 in Dodging
  3106 | D:4      | Noticed an ogre
  3194 | D:4      | Noticed Sigmund
  3216 | D:4      | HP: 2/46 [something (3)]
  3217 | D:4      | Slain by Sigmund

Skill      XL: |  1  2  3  4  5 |
---------------+----------------+-----
Axes           | 3 4 5 6 |  6.2
Armour         | 4 |  4.0
Dodging        | 1 |  1.2
Shields        | 4 |  4.0
Fighting       | |  3.9

Action                   |  1- 3 |  4- 6 || total
-------------------------+-------+-------++-------
Melee: War axe           |    71 |    77 ||   148
       Headbutt          |    13 |     8 ||    21
  Eat: Chunk             |     2 |     5 ||     7
Armor: Scale mail        |     7 |       ||     7
       Chain mail        |    27 |    37 ||    64
Dodge: Dodged            |    23 |    18 ||    41
Block: Shield            |    39 |    41 ||    80
